 Dungeon Crawl Stone Soup version 0.14-a0-1576-gf4c5cb9 (webtiles) character file.

547 Jenx the Cudgeler (level 6, -1/37 HPs)
             Began as a Gargoyle Fighter on Dec 21, 2013.
             Killed from afar by an orc wizard (9 damage)
             ... with a puff of flame
             ... on Level 4 of the Dungeon.
             The game lasted 00:11:40 (2756 turns).

Jenx the Cudgeler (Gargoyle Fighter)                Turns: 2756, Time: 00:11:40

HP  -1/37        AC 18     Str 20      XL: 6   Next: 56%
MP   6/6         EV  2     Int  9      God:
Gold 206         SH 19     Dex 10      Spells:  0 memorised,  5 levels left

rFire  . . .     SeeInvis .     a - +0 mace
rCold  . . .     Clarity  .     b - +0 plate armour
rNeg   + . .     Conserve .     i - +1 shield
rPois  +         rCorr    .     r - +1 dwarf helmet
rElec  +         rRot     +     (no cloak)
SustAb . .       Spirit   .     (no gloves)
rMut   .         Warding  .     (no boots)
Saprov . . .     Stasis   .     (no amulet)
                                (no ring)
                                (no ring)

@: slightly resistant to hostile enchantments, extremely unstealthy
A: life protection 1, electricity resistance, unbreathing, petrification
resistance, AC +4
a: no special abilities


You were on level 4 of the Dungeon.
You were not hungry.

You visited 1 branch of the dungeon, and saw 4 of its levels.

You collected 206 gold pieces.

Inventory:

Hand weapons
 a - a +0,+0 mace (weapon)
Missiles
 c - 11 exploding darts (quivered)
Armour
 b - a +0 plate armour (worn)
 i - a +1 shield (worn)
 r - a +1 dwarven helmet (worn)
 u - a +2 orcish scale mail of cold resistance
Comestibles
 d - 3 bread rations
 f - a meat ration
 z - an apple
Scrolls
 g - a scroll of enchant weapon II {unknown}
 j - 2 scrolls of teleportation {unknown}
 l - 2 scrolls of enchant armour {unknown}
 n - 3 scrolls of fear {unknown}
 s - 2 scrolls of noise {unknown}
 t - 2 scrolls of identify {unknown}
 y - 2 scrolls of enchant weapon I {unknown}
 D - 2 scrolls of remove curse {unknown}
Jewellery
 A - an uncursed ring of sustain abilities {unknown}
Potions
 h - a potion of restore abilities
 k - a potion of flight {unknown}
 m - a potion of agility {unknown}
 o - a potion of poison {unknown}
 q - a potion of speed {unknown}
 C - a potion of heal wounds {unknown}
Books
 w - a book of Wizardry

   Spells                             Type                      Level
   Summon Elemental                   Summoning                    4
   Agony                              Necromancy                   5
   Force Lance                        Conjuration                  5
   Fireball                           Conjuration/Fire             5
   Haste                              Charms                       6
   Invisibility                       Hexes                        6


   Skills:
 - Level 3.2 Fighting
 * Level 7.4 Maces & Flails
 - Level 3.2 Armour
 - Level 3.2 Shields


You had 5 spell levels left.
You didn't know any spells.

Dungeon Overview and Level Annotations

Branches:
Dungeon (4/16)
 Temple: D:4-7

Altars:
Ashenzari
Yredelemnul
Zin

Shops:
D:4 :


Innate Abilities, Weirdness & Mutations

You are resistant to torment.
You are immune to poison.
Your stone body is very resilient (AC +4).
You resist negative energy.
You are resistant to electric shocks.
You can survive without breathing.
You are immune to petrification.


Message History

Your shield and plate armour prevent you from hitting it.
You hear some strange, mumbled words.
Something tries to affect you, but you resist.
The orc hits you with an orcish flail.
You closely miss the orc.
You hear some strange, mumbled words.
The puff of flame hits you!
* * * LOW HITPOINT WARNING * * *
The orc hits you but does no damage.
You hit it. It hits you but does no damage. You block the orc's attack.
You closely miss it. It hits you but does no damage.
You block the orc's attack.
You hit it. You block its attack.
You hit it. You block the orc's attack. It hits you but does no damage.
You hit it but do no damage. It hits you but does no damage.
The orc hits you but does no damage. It hits you but does no damage.
You closely miss it. The orc hits you but does no damage.
You hear some strange, mumbled words.
The puff of flame hits you!
You die...

#...........###.#.
#.#.........# #... #
#.###.###..(# #.#. #....
#.# #.# #...###.#.
#....###.###.###.........
#......).................
........#.###.###...###...
.......#.###.###...# #.#.
.......#@..........###.#.
.......)#.o##.###.........
.>...............<........
...............##.........
.######.......##..####...
#.......##..# ###.
..$..#.###..# #.
.....#.###..######.
......#.##.....##...


You could see an orc.

Vanquished Creatures
  A phantom (D:4)
  An orc priest (D:4)
  A hound (D:3)
  An iguana (D:4)
  Ijyb (D:3)
  An ogre skeleton (D:4)
  6 adders
  A giant mite (D:1)
  A giant gecko (D:1)
  An orc (D:4)
  2 ball pythons
  7 bats
  3 giant cockroaches
  8 goblins
  4 hobgoblins
  2 jackals (D:3)
  16 kobolds
  3 quokkas
  2 giant newts
  18 rats
80 creatures vanquished.

Notes
Turn   | Place    | Note
--------------------------------------------------------------
     0 | D:1      | Jenx, the Gargoyle Fighter, began the quest for the Orb.
     0 | D:1      | Reached XP level 1. HP: 14/14 MP: 1/1
   144 | D:1      | Reached XP level 2. HP: 19/19 MP: 2/2
   482 | D:1      | Reached XP level 3. HP: 23/23 MP: 3/3
   664 | D:1      | Reached skill level 4 in Maces & Flails
  1100 | D:2      | Reached XP level 4. HP: 21/28 MP: 4/4
  1463 | D:3      | Reached skill level 5 in Maces & Flails
  1497 | D:3      | Found a shattered altar of Ashenzari.
  1542 | D:3      | Reached XP level 5. HP: 26/32 MP: 5/5
  2142 | D:3      | Found a glowing silver altar of Zin.
  2169 | D:3      | Noticed Ijyb
  2203 | D:3      | Killed Ijyb
  2304 | D:4      | Reached skill level 6 in Maces & Flails
  2341 | D:4      | Found Shrol's Book Emporium.
  2416 | D:4      | Found a basalt altar of Yredelemnul.
  2422 | D:4      | Noticed a phantom
  2501 | D:4      | Killed a phantom
  2501 | D:4      | Reached skill level 7 in Maces & Flails
  2501 | D:4      | Reached XP level 6. HP: 17/37 MP: 6/6
  2756 | D:4      | Killed from afar by an orc wizard

Action                   |  1- 3 |  4- 6 || total
-------------------------+-------+-------++-------
Melee: Mace              |   130 |   213 ||   343
Throw: Dart              |       |     4 ||     4
  Use: Potion            |       |     4 ||     4
